 Dungeon Crawl Stone Soup version 0.31-a0-204-g7da18cac08 (webtiles) character file.

Game seed: 6586052087053013968

0 qw the Shooter (level 1, 0/12 HPs)
             Began as a Deep Elf Hunter on June 27, 2023.
             Slain by an endoplasm (2 damage)
             ... on level 1 of the Dungeon.
             The game lasted 00:00:01 (210 turns).

qw the Shooter (Deep Elf Hunter)                     Turns: 210, Time: 00:00:02

Health: 0/12       AC:  3    Str:  8    XL:     1   Next: 8%
Magic:  3/3        EV: 12    Int: 13    God:
Gold:   24         SH:  0    Dex: 18    Spells: 0/0 levels left

rFire   . . .        a - +0 shortbow
rCold   . . .        (shield currently unavailable)
rNeg    . . .        c - +0 leather armour
rPois   .            (no helmet)
rElec   .            (no cloak)
rCorr   .            (no gloves)
SInv    .            (no boots)
Will    .....        (no amulet)
Stlth   ++           (no ring)
HPRegen 0.22/turn    (no ring)
MPRegen 0.08/turn

%: no passive effects
@: no status effects
A: no striking features
a: no special abilities


You were on level 1 of the Dungeon.
You visited 1 branch of the dungeon, and saw 1 of its levels.

You collected 24 gold pieces.


   Skills:
 - Level 1.5 Fighting
 + Level 5.3 Ranged Weapons
 - Level 2.4 Dodging
 - Level 1.2 Stealth


You couldn't memorise any spells.
You didn't know any spells.
Your spell library was empty.

Inventory:

Hand Weapons
 a - a +0 shortbow (weapon)
Armour
 c - a +0 leather armour (worn)
Scrolls
 b - a scroll of butterflies

Dungeon Overview and Level Annotations

Branches:
Dungeon (1/15)

Altars:


Message History

You open the door.
There is an open door here.
You open the door.
There is an open door here.
You open the door.
There is an open door here.
There is an open door here.
Found a stone.
Enter note: You now have 24 gold pieces (gained 14).
A frilled lizard comes into view.
Enter note: You shoot an arrow.
The arrow hits the frilled lizard.
You kill the frilled lizard!
An endoplasm and a kobold come into view.
The endoplasm quivers.
Enter note: You shoot an arrow.
The arrow hits the kobold.
The kobold is severely wounded.
You shoot an arrow. The arrow barely misses the kobold.
You shoot an arrow.
The arrow hits the kobold but does no damage.
The kobold is severely wounded.
You shoot an arrow.
The arrow hits the kobold but does no damage.
The kobold is severely wounded.
The kobold hits you with a +0 dagger. x2
You shoot an arrow. The arrow barely misses the kobold.
The kobold hits you with a +0 dagger. The endoplasm barely misses you.
You shoot an arrow. The arrow barely misses the kobold.
The kobold hits you with a +0 dagger. The endoplasm freezes you.
You are frozen.
You shoot an arrow. The arrow barely misses the kobold.
The kobold hits you with a +0 dagger.
The endoplasm hits you but does no damage.
You shoot an arrow. The arrow hits the kobold!
You kill the kobold!
The endoplasm hits you.
You die...

##########
#....%...#
.........#
.........#
.........#
#..^..)J.#
#@# #### #.#
#~~### #.#
####.~~~###
#.#
#P...~~~~~#
#.#
..#####~##~~
###.# .## #
####...# .##
###......#
..##
##........#


You could see an endoplasm.

Vanquished Creatures
  A kobold (D:1)
  A frilled lizard (D:1)
2 creatures vanquished.

Notes
Turn   | Place    | Note
-------+----------+-------------------------------------------
     0 | D:1      | qw the Deep Elf Hunter began the quest for the Orb.
     0 | D:1      | Reached XP level 1. HP: 12/12 MP: 3/3
     0 | D:1      | 0 ||| qw: Version: 0.3-a-22-g0ed2b0b
     0 | D:1      | 0 ||| qw: Game counter: 6368
     0 | D:1      | 0 ||| qw: Melee chars always use a shield: true
     0 | D:1      | 0 ||| qw: God list: Okawaru
     0 | D:1      | 0 ||| qw: Allow faded altars: false
     0 | D:1      | 0 ||| qw: Do Orc after clearing Dungeon:15 true
     0 | D:1      | 0 ||| qw: Do second Lair branch before Depths: true
     0 | D:1      | 0 ||| qw: Lair rune preference: random
     0 | D:1      | 0 ||| qw: Goals: Normal
     0 | D:1      | 0 ||| PLANNING D:1-11
   209 | D:1      | HP: 2/12 [kobold/+0 dagger (3)]
   210 | D:1      | Slain by an endoplasm

Levels and vault maps discovered:
D:1:      dpeg_cavernosity, layout_basic, shapermc_ecumenical_altar_pompeii,
          st_stairs_7

Action                     || total
---------------------------++-------
   Fire: Shortbow          ||     9
 Armour: Leather armour    ||     1
  Dodge: Dodged            ||     1

Table legend:
 A = Non-vault XP
 B = Vault XP
 C = Vault XP percentage of total XP
 D = Non-vault monster count
 E = Vault monster count
 F = Vault count percentage of total count
                 A         B        C        D         E       F
            +---------+---------+-------+---------+---------+-------
      Total |       3 |       0 |   0.0 |       2 |       0 |   0.0
            +---------+---------+-------+---------+---------+-------
        D:1 |       3 |       0 |   0.0 |       2 |       0 |   0.0
            +---------+---------+-------+---------+---------+-------
